 Dungeon Crawl Stone Soup version 0.30-a0-964-gd452b5e7fa (webtiles) character file.

Game seed: 18091611066083863611

114 vishdafish the Conjurer (level 4, -3/30 HPs)
             Began as a Demonspawn Conjurer on Mar 30, 2023.
             Slain by an iguana (5 damage)
             ... on level 4 of the Dungeon.
             The game lasted 00:02:28 (3354 turns).

vishdafish the Conjurer (Demonspawn Conjurer)       Turns: 3354, Time: 00:02:29

Health: -3/30      AC:  5    Str:  7    XL:     4   Next: 66%
Magic:  1/9        EV: 12    Int: 21    God:
Gold:   88         SH:  5    Dex: 12    Spells: 9/10 levels left

rFire   . . .      SeeInvis .    v - +0 arbalest
rCold   + . .      Faith    .    (shield currently unavailable)
rNeg    . . .      Spirit   .    a - +0 robe
rPois   .          Reflect  +    (no helmet)
rElec   .          Rampage  .    (no cloak)
rCorr   .                        (no gloves)
Will    +....                    (no boots)
Stlth   ++                       f - amulet of reflection
HPRegen 0.25/turn                r - ring of willpower
MPRegen 0.11/turn                t - ring of protection from cold

@: flying
A: molten scales 2, weakness stinger 1
a: no special abilities


You were on level 4 of the Dungeon.
You visited 1 branch of the dungeon, and saw 4 of its levels.

You collected 88 gold pieces.

Inventory:

Hand Weapons
 v - a +0 arbalest (weapon)
Armour
 a - a +0 robe (worn)
Jewellery
 f - an amulet of reflection (around neck)
 j - a ring of fire
 r - a ring of willpower (left hand)
 t - a ring of protection from cold (right hand)
Wands
 k - a wand of digging (10)
 p - a wand of light (10)
Scrolls
 c - 3 scrolls of identify {unknown}
 d - a scroll of poison {unknown}
 g - 3 scrolls of immolation {unknown}
 i - a scroll of enchant weapon {unknown}
 l - 3 scrolls of amnesia {unknown}
 m - a scroll of brand weapon {unknown}
 n - a scroll of vulnerability {unknown}
 o - a scroll of blinking {unknown}
 s - a scroll of fear {unknown}
 x - a scroll of fog {unknown}
Potions
 b - a potion of magic
 h - a potion of degeneration {unknown}
 q - a potion of might {unknown}
 u - 2 potions of curing {unknown}
 w - a potion of invisibility {unknown}


   Skills:
 - Level 1.7 Dodging
 - Level 1.7 Stealth
 + Level 3.5 Spellcasting
 + Level 5.1 Conjurations


You had 9 spell levels left.
You knew the following spells:

 Your Spells              Type           Power      Damage    Failure   Level
a - Magic Dart            Conj           100%       1d8       1%          1

Your spell library contained the following spells:

 Spells                   Type           Power      Damage    Failure   Level
 Searing Ray              Conj           50%        2d6       2%          2
 Slow                     Hex            12%        N/A       13%         1
 Dazzling Flash           Conj/Hex       28%        N/A       13%         3
 Confusing Touch          Hex            3%         N/A       36%         3
 Gell's Gravitas          Tloc           3%         N/A       36%         3
 Kindle Blastsparks       Fire/Tloc/Air  6%         2d10      36%         3
 Teleport Other           Tloc           3%         N/A       36%         3
 Vampiric Draining        Necr           3%         2d6       36%         3
 Fulminant Prism          Conj/Hex       7%         3d7       41%         4
 Iskenderun's Mystic Bla  Conj/Tloc      14%        2d5       41%         4
 Lee's Rapid Deconstruct  Erth           1%         3d4*      98%         5
 Dispersal                Tloc           1%         N/A       100%        6


Dungeon Overview and Level Annotations

Branches:
Dungeon (4/15)
 Temple: D:4-7

Altars:


Innate Abilities, Weirdness & Mutations

You are mostly covered in molten scales. (AC +3)
You have a small tail.


Message History

The magic dart hits the iguana but does no damage.
The iguana is lightly wounded.
The iguana bites you.
* * * LOW HITPOINT WARNING * * *
Aiming: Magic Dart (safe; 1% risk of failure)
Press: ? - help, Q - select action, (/) - cycle Shift-Dir - straight line, f/p - iguana
Aim: an iguana (lightly wounded, 100% to hit)
The magic dart hits the iguana but does no damage.
The iguana is lightly wounded.
The iguana bites you.
* * * LOW HITPOINT WARNING * * *
Unknown command.
It was a potion of flight.
You feel very buoyant.
You fly up into the air.
The iguana closely misses you.
Aiming: Magic Dart (safe; 1% risk of failure)
Press: ? - help, Q - select action, (/) - cycle Shift-Dir - straight line, f/p - iguana
Aim: an iguana (lightly wounded, 100% to hit)
The magic dart hits the iguana.
The iguana is heavily wounded.
You block the iguana's attack.
Aiming: Magic Dart (safe; 1% risk of failure)
Press: ? - help, Q - select action, (/) - cycle Shift-Dir - straight line, f/p - iguana
Aim: an iguana (heavily wounded, 100% to hit)
The magic dart hits the iguana.
The iguana is heavily wounded.
The iguana barely misses you.
Aiming: Magic Dart (safe; 1% risk of failure)
Press: ? - help, Q - select action, (/) - cycle Shift-Dir - straight line, f/p - iguana
Aim: an iguana (heavily wounded, 100% to hit)
The magic dart hits the iguana.
The iguana is severely wounded.
The iguana closely misses you.
Aiming: Magic Dart (safe; 1% risk of failure)
Press: ? - help, Q - select action, (/) - cycle Shift-Dir - straight line, f/p - iguana
Aim: an iguana (severely wounded, 100% to hit)
The magic dart hits the iguana.
The iguana is almost dead.
The iguana bites you.
You die...

#.# #.#.#
#.###.# #
##...## ##.##
.######.###.#
....).......#
#######.#####
####...######
#.........@.#
#.##...####l#
# ##.## .#
#.# .# #.# .#
..# .# .. ..
... #.


You could see an iguana.

Vanquished Creatures
  An orc wizard (D:4)
  4 adders
  3 worms
  4 orcs
  5 ball pythons
  6 bats
  2 endoplasms (D:4)
  A giant cockroach (D:1)
  2 goblins
  4 hobgoblins
  2 jackals (D:1)
  2 quokkas
  A frilled lizard (D:1)
  A kobold (D:1)
  3 rats
41 creatures vanquished.

Notes
Turn   | Place    | Note
-------+----------+-------------------------------------------
     0 | D:1      | vishdafish the Demonspawn Conjurer began the quest for the
                  | Orb.
     0 | D:1      | Reached XP level 1. HP: 13/13 MP: 3/3
   412 | D:1      | Gained mutation: You have a small tail. [demonic ancestry]
   412 | D:1      | Reached XP level 2. HP: 19/19 MP: 3/5
  1615 | D:2      | Gained mutation: You are partially covered in molten
                  | scales. (AC +2) [demonic ancestry]
  1615 | D:2      | Reached XP level 3. HP: 22/24 MP: 0/7
  2283 | D:3      | Found a faded altar of an unknown god.
  2945 | D:3      | Found a faded altar of an unknown god.
  3062 | D:4      | Gained mutation: You are mostly covered in molten scales.
                  | (AC +3) [demonic ancestry]
  3062 | D:4      | Reached XP level 4. HP: 30/30 MP: 8/8
  3229 | D:4      | Reached skill level 5 in Conjurations
  3349 | D:4      | HP: 1/30 [iguana (6)]
  3354 | D:4      | Slain by an iguana

Illustrated notes

Levels and vault maps discovered:
D:1:      dpeg_arrival_solitude, layout_loops_corners
D:2:      layout_basic
D:3:      layout_loops_ring, nicolae_overflow_ecumenical_swirl,
          basic_ecumenical_altar
D:4:      layout_loops_ring, nicolae_tso_carved_into_rock, kennysheep_mini

Skill      XL: |  1  2  3  4 |
---------------+-------------+-----
Spellcasting   | 3 |  3.5
Conjurations   | 5 |  5.1
Dodging        | |  1.7
Stealth        | |  1.7

Action                     |  1- 3 |  4- 6 || total
---------------------------+-------+-------++-------
  Melee: Unarmed           |    42 |       ||    42
   Fire: Arbalest          |     3 |    17 ||    20
   Cast: Magic Dart        |    75 |    29 ||   104
    Use: Potion            |       |     1 ||     1
 Armour: Robe              |    22 |     7 ||    29
  Dodge: Dodged            |    40 |    21 ||    61
  Block: Other             |     2 |     7 ||     9

Table legend: (Time is in decaauts)
 A = Elapsed time spent in this place.
 B = Non-inter-level travel time spent in this place.
 C = Inter-level travel time spent in this place.
 D = Time resting spent in this place.
 E = Time spent auto-exploring this place.
 F = Levels seen in this place.
 G = Mean time per level.
                   A        B        C        D        E       F      G
               +--------+--------+--------+--------+--------+-----+--------+
         Total |   3369 |   3318 |     51 |      0 |   3009 |   4 |  842.2 |
       Dungeon |   3369 |   3318 |     51 |      0 |   3009 |   4 |  842.2 |
               +--------+--------+--------+--------+--------+-----+--------+

Top non-repeatable levels by time:
     D:1: 1250 daAuts
     D:2: 1000 daAuts
     D:3: 807 daAuts
     D:4: 312 daAuts
